 Dungeon Crawl Stone Soup version 0.30-a0-723-gc1506a1cf0 (webtiles) character file.

Game seed: 5513547939296493046

37 ASSMAN the Covert (level 3, -5/28 HPs)
             Began as a Vampire Delver on Jan 29, 2023.
             Was an Initiate of Dithmenos.
             Slain by an ogre
             ... wielding a +0 giant spiked club
              (33 damage)
             ... on level 5 of the Dungeon.
             The game lasted 00:00:31 (187 turns).

ASSMAN the Covert (Vampire Delver)                   Turns: 187, Time: 00:00:32

Health: -5/28      AC:  3    Str: 11    XL:     3   Next: 21%
Magic:  3/3        EV: 12    Int: 12    God:    Dithmenos [......]
Gold:   56         SH:  0    Dex: 17    Spells: 2/2 levels left

rFire   . . .      SeeInvis +    a - +0 short sword
rCold   . . .      Faith    .    (no shield)
rNeg    . . .      Spirit   .    b - +0 leather armour
rPois   .          Reflect  .    (no helmet)
rElec   .          Harm     .    (no cloak)
rCorr   .          Rampage  .    (no gloves)
Will    .....                    (no boots)
Stlth   ++++                     (no amulet)
HPRegen 0.44/turn                (no ring)
MPRegen 0.08/turn                (no ring)

@: healing quickly
A: alive, fangs 3, see invisible, vampiric 2
a: Exsanguinate, Renounce Religion


You were on level 5 of the Dungeon.
You worshipped Dithmenos.
Dithmenos was noncommittal.
You visited 1 branch of the dungeon, and saw 1 of its levels.

You collected 56 gold pieces.

Inventory:

Hand Weapons
 a - a +0 short sword (weapon)
Armour
 b - a +0 leather armour (worn)
Wands
 g - a wand of digging (3)
Scrolls
 c - a scroll of fog
 d - a scroll of magic mapping
 e - a scroll of fear
 j - a scroll of identify {unknown}
 k - 3 scrolls of noise {unknown}
Potions
 f - a potion of haste
 h - a potion of flight {unknown}
 i - a potion of curing {unknown}


   Skills:
 - Level 2.6 Fighting
 - Level 2.1 Short Blades
 - Level 2.1 Dodging
 + Level 8.9 Stealth


You had 2 spell levels left.
You didn't know any spells.
Your spell library was empty.

Dungeon Overview and Level Annotations

Branches:
Dungeon (5/15)
 Temple: D:4-7

Altars:
Dithmenos


Innate Abilities, Weirdness & Mutations

Your natural rate of healing is accelerated.
You have razor-sharp teeth.
You have supernaturally acute eyesight. (SInv)
You are afflicted with vampirism and can become a bat while bloodless.


Message History

The adder is severely wounded.
The adder bites you but does no damage. The adder bites you.
You hit the adder but do no damage.
The adder is heavily wounded.
The adder closely misses you.
You closely miss the adder.
The adder is heavily wounded.
The adder barely misses you.
You hit the adder.
The adder is severely wounded.
The adder closely misses you.
You hit the adder but do no damage.
The adder is severely wounded.
The adder bites you.
You miss the adder.
The adder is severely wounded.
The adder bites you but does no damage.
You hit the adder.
You kill the adder!
Dithmenos accepts your kill.
You have reached level 3!
Your experience leads to an increase in your attributes!
Increase (S)trength, (I)ntelligence, or (D)exterity?
You feel agile. x2
You can now turn into a vampire bat when bloodless.
HP restored.
You now have 56 gold pieces (gained 11).
k - 3 scrolls labelled OTOATH EKUALIFI You see here a +0 chain mail.
Found a stone staircase leading up.
Found a stone staircase leading up.
You open the door.
A phantom comes into view.
A phantom is nearby!
An ogre comes into view. It is wielding a +0 giant spiked club.
There is an open door here.
The ogre shouts!
The ogre hits you with a +0 giant spiked club!!
Ouch! That really hurt!
You die...

....^.......####....####
........^..##<#####....###
.......#[..#...# ####...##
########...#.♣.# ###..#
#...#...# ##.# #...##.##
#.# #######.## #### #.#
##...##...##O..# #.#
#<.♣....♣.'@.♣ #.#
##...##...##..W# #.#
#######.####### ##.#
#...##### #..#
###.....####.##
#####...#..# ###...##
#####


You could see an ogre and a phantom.

Vanquished Creatures
  A hound (D:5)
  An adder (D:5)
2 creatures vanquished.

Notes
Turn   | Place    | Note
-------+----------+-------------------------------------------
     0 | D:5      | ASSMAN the Vampire Delver began the quest for the Orb.
     0 | D:5      | Reached XP level 1. HP: 17/17 MP: 1/1
    30 | D:5      | Noticed a hound
    31 | D:5      | Found a shadowy altar of Dithmenos.
    41 | D:5      | Killed a hound
    42 | D:5      | Reached skill level 8 in Stealth
    42 | D:5      | Reached XP level 2. HP: 22/23 MP: 2/2
    45 | D:5      | Became a worshipper of Dithmenos the Shadowed
    84 | D:5      | Gained mutation: You are afflicted with vampirism and can
                  | become a bat while bloodless. [Vampire growth]
    84 | D:5      | Reached XP level 3. HP: 26/28 MP: 3/3
   185 | D:5      | Noticed a phantom
   186 | D:5      | Noticed an ogre
   187 | D:5      | Slain by an ogre

Illustrated notes

Levels and vault maps discovered:
D:5:      layout_basic, lemuel_round_altar, minmay_temple_entry_butterflies,
          serial_shops, shop, minmay_holes, minmay_door_square,
          kennysheep_crisscross, st_stairs_5, dk_vineyard_2, grunt_ministairs_5,
          minmay_between

Skill      XL: |  1 |
---------------+----+-----
Stealth        | 8 |  8.9
Fighting       | |  2.6
Short Blades   | |  2.1
Dodging        | |  2.1

Action                     || total
---------------------------++-------
  Melee: Short sword       ||    15
         Bite              ||     1
 Armour: Leather armour    ||     5
  Dodge: Dodged            ||     7

Table legend: (Time is in decaauts)
 A = Elapsed time spent in this place.
 B = Non-inter-level travel time spent in this place.
 C = Inter-level travel time spent in this place.
 D = Time resting spent in this place.
 E = Time spent auto-exploring this place.
 F = Levels seen in this place.
 G = Mean time per level.
                   A        B        C        D        E       F      G
               +--------+--------+--------+--------+--------+-----+--------+
         Total |    185 |    185 |      0 |      0 |    145 |   1 |  185.0 |
       Dungeon |    185 |    185 |      0 |      0 |    145 |   1 |  185.0 |
               +--------+--------+--------+--------+--------+-----+--------+

Top non-repeatable levels by time:
     D:5: 185 daAuts
